 Dungeon Crawl Stone Soup version 0.28.0-53-g5a82cb258f (webtiles) character file.

Game seed: 15912215871213678966

249 azobrab the Cudgeller (level 5, -6/47 HPs)
             Began as a Draconian Berserker on July 29, 2022.
             Was a Believer of Trog.
             Mangled by an orc
             ... wielding a +1 short sword of electrocution
              (15 damage)
             ... on level 4 of the Dungeon.
             The game lasted 00:06:29 (2775 turns).

azobrab the Cudgeller (Draconian Berserker)         Turns: 2775, Time: 00:06:30

Health: -6/47      AC:  5    Str: 21    XL:     5   Next: 87%
Magic:  5/5        EV: 12    Int:  8    God:    Trog [**....]
Gold:   109        SH:  0    Dex: 10    Spells: 4/4 levels left

rFire   + . .      SeeInvis .   a - +0 mace
rCold   + . .      Faith    .   (no shield)
rNeg    . . .      Spirit   .   (armour unavailable)
rPois   .          Reflect  .   (helmet restricted)
rElec   .          Harm     .   l - scarf {rC+ rF+}
rCorr   .          Rampage  .   (no gloves)
Will    ++...                   (no boots)
Stlth   +.........              (no amulet)
HPRegen 1.15/turn               (no ring)
MPRegen 0.09/turn               (no ring)

@: strong-willed (expiring), on berserk cooldown, regenerating (expiring),
slowed, very slow
A: AC +5, unfitting armour, cold-blooded
a: Renounce Religion, Berserk, Trog's Hand


You were on level 4 of the Dungeon.
You worshipped Trog.
Trog was pleased with you.
You visited 1 branch of the dungeon, and saw 4 of its levels.

You collected 109 gold pieces.

Inventory:

Hand Weapons
 a - a +0 mace (weapon)
Armour
 l - a scarf of resistance (worn)
Jewellery
 e - a ring of protection from fire
Scrolls
 b - a scroll of immolation
 d - a scroll of identify
 h - a scroll of teleportation
 j - a scroll of fear
 k - a scroll of acquirement {unknown}
 m - a scroll of magic mapping {unknown}
 o - a scroll of noise {unknown}
 q - a scroll of holy word {unknown}
Potions
 f - a potion of cancellation {unknown}
 g - a potion of haste {unknown}
 i - 2 potions of lignification {unknown}
 p - a potion of brilliance {unknown}
 r - a potion of ambrosia {unknown}
 s - a potion of might {unknown}


   Skills:
 + Level 4.5 Fighting
 + Level 5.2 Maces & Flails
 + Level 3.7 Dodging
 + Level 0.4 Stealth


You had 4 spell levels left.
You didn't know any spells.
Your spell library was empty.

Dungeon Overview and Level Annotations

Branches:
Dungeon (4/15)             Temple (0/1) D:4

Altars:
The Shining One

Annotations:
D:1 1 runed translucent door


Innate Abilities, Weirdness & Mutations

Your plain brown scales are hard. (AC +5)
You cannot fit into any form of body armour.
You are cold-blooded and may be slowed by cold attacks.


Message History

You feel a strong urge to attack something.
The orc hits you with a +1 short sword of electrocution.
* * * LOW HITPOINT WARNING * * *
The orc barely misses you.
You are no longer berserk.
You are exhausted.
You feel yourself slow down.
Okay, then.
You feel better.
The orc barely misses you. x2; The orc completely misses you.
The orc barely misses you.
You feel much better. The orc hits you but does no damage.
The orc hits you with a +1 short sword of electrocution.
You are electrocuted!
The orc hits you with a +0 hand axe.
The orc hits you with a +1 short sword of electrocution.
You hit the orc.
The orc is heavily wounded.
The orc hits you but does no damage.
The orc hits you with a +1 short sword of electrocution.
The orc misses you.
The orc hits you with a +1 short sword of electrocution.
You are electrocuted!
* * * LOW HITPOINT WARNING * * *
Okay, then.
Your skin crawls.
You feel strong-willed. The orc misses you. The orc barely misses you.
Unknown command.
You feel the effects of Trog's Hand fading.
The orc closely misses you.
You feel much better.
You barely miss the orc.
The orc is heavily wounded.
The orc barely misses you.
The orc hits you with a +1 short sword of electrocution.
You are electrocuted!
The orc hits you with a +0 hand axe.
* * * LOW HITPOINT WARNING * * *
The orc hits you with a +1 short sword of electrocution.
* * * LOW HITPOINT WARNING * * *
You are electrocuted!
You die...

#..#.#.# .
#######..#...#
#.
#..........###
...#
#.####.....#
#...##.##
#.....#
#...).#
#.....#
..###...#
#....>#
..^....#o#
#....##
.>..##.o@#
#....#
....#..###
#....# ######
...##.. #.....
# #... #.....
#... #..#.#
..## #..###
#.# ##...#.
#...#..
#....+.


You could see 2 orcs.

Vanquished Creatures
  A crimson imp (D:4)
  A gnoll shaman (D:3)
  A bullfrog skeleton (D:4)
  An iguana (D:4)
  A hound skeleton (D:4)
  3 gnolls (D:3)
  4 adders
  A worm (D:3)
  A dart slug (D:1)
  3 orcs
  6 ball pythons
  4 endoplasms
  2 giant cockroaches (D:1)
  3 hobgoblins
  4 jackals (D:1)
  A quokka (D:4)
  2 bats (D:3)
  2 frilled lizards
  A goblin skeleton (D:4)
  4 goblin zombies (D:4)
  A hobgoblin zombie (D:4)
  2 kobolds
  A kobold skeleton (D:4)
  A kobold zombie (D:4)
  An orc zombie (D:4)
  3 rats
55 creatures vanquished.

Notes
Turn   | Place    | Note
-------+----------+-------------------------------------------
     0 | D:1      | azobrab the Draconian Berserker began the quest for the
                  | Orb.
     0 | D:1      | Reached XP level 1. HP: 19/19 MP: 1/1
     1 | D:1      | Found a runed translucent door.
   231 | D:1      | Found a faded altar of an unknown god.
   379 | D:1      | Reached XP level 2. HP: 26/26 MP: 2/2
  1476 | D:3      | Reached XP level 3. HP: 27/33 MP: 3/3
  1545 | D:3      | Reached XP level 4. HP: 40/40 MP: 4/4
  1547 | D:3      | Reached skill level 4 in Maces & Flails
  2088 | D:3      | Reached ** piety under Trog
  2189 | D:4      | Found a glowing golden altar of the Shining One.
  2209 | D:4      | Reached XP level 5. HP: 47/47 MP: 5/5
  2711 | D:4      | Reached skill level 5 in Maces & Flails
  2766 | D:4      | Found a staircase to the Ecumenical Temple.
  2775 | D:4      | Mangled by an orc

Illustrated notes

Levels and vault maps discovered:
D:1:      dpeg_arrival_caged_fury, layout_loops_ring,
          shapermc_ecumenical_altar_pompeii
D:2:      layout_basic, minmay_crystal_water, minmay_tromino_i2
D:3:      minmay_door_path, layout_loops_ring, minmay_tree_intersection,
          minmay_misc_feat_pillars, uniq_crazy_yiuf_cottage
D:4:      layout_basic, nicolae_tso_besieged_by_evil,
          minmay_temple_entry_slanted, item_on_display_a

Skill      XL: |  1  2  3  4  5 |
---------------+----------------+-----
Dodging        | 3 |  3.7
Fighting       | 4 |  4.5
Maces & Flails | 4 5 |  5.2
Stealth        | |  0.4

Action                   |  1- 3 |  4- 6 || total
-------------------------+-------+-------++-------
Melee: Mace              |    67 |    93 ||   160
       Tailslap          |     7 |    12 ||    19
       Punch             |       |     3 ||     3
Invok: Berserk           |     1 |     2 ||     3
       Trog's Hand       |       |     1 ||     1
  Use: Scroll            |       |     5 ||     5
       Potion            |       |     4 ||     4
Armor: Skin              |    18 |    50 ||    68
Dodge: Dodged            |    46 |   111 ||   157
